 Dungeon Crawl Stone Soup version 0.26-a0-672-g1df16c3386 (webtiles) character file.

Game seed: 16433614891924933119

34 marklar909 the Skirmisher (level 3, 0/30 HPs)
             Began as a Formicid Abyssal Knight on Oct 19, 2020.
             Was a Follower of Lugonu.
             Succumbed to an adder's poison
             ... on level 2 of the Dungeon.
             The game lasted 00:01:18 (1229 turns).

marklar909 the Skirmisher (Formicid Abyssal Knight) Turns: 1229, Time: 00:01:19

Health: 0/30       AC:  3    Str: 17    XL:     3   Next: 50%
Magic:  4/4        EV: 11    Int: 11    God:    Lugonu [*.....]
Gold:   28         SH:  0    Dex: 10    Spells: 2/2 levels left

rFire    . . .     SeeInvis +   a - +1 falchion
rCold    . . .     Faith    .   (no shield)
rNeg     . . .     Spirit   .   b - +0 leather armour
rPois    .         Reflect  .   (helmet unavailable)
rElec    .         Harm     .   (no cloak)
rCorr    .         Rampage  .   (no gloves)
MR       .....                  (no boots)
Stlth    +.........             (no amulet)
HPRegen  0.10/turn              (no ring)
MPRegen  0.09/turn              (no ring)

@: mighty, lethally poisoned (0 -> -6), very slightly contaminated, invisible
A: permanent stasis, dig shafts and tunnels, four strong arms, antennae 3
a: Dig, Shaft Self, Depart the Abyss, Renounce Religion


You were on level 2 of the Dungeon.
You worshipped Lugonu.
Lugonu was aware of your devotion.
You visited 1 branch of the dungeon, and saw 2 of its levels.
You visited the Abyss 1 time.

You collected 28 gold pieces.

Inventory:

Hand Weapons
 a - a +1 falchion (weapon)
Armour
 b - a +0 leather armour (worn)
Jewellery
 f - an uncursed ring of protection from fire {unknown}
 h - an uncursed amulet of faith {unknown}
Scrolls
 c - a scroll of noise {unknown}
 e - a scroll of amnesia {unknown}
 g - a scroll of magic mapping {unknown}
 i - a scroll of fog {unknown}
 j - a scroll of identify {unknown}
Potions
 d - a potion of might


   Skills:
 + Level 3.9 Fighting
 + Level 2.6 Long Blades
 + Level 2.5 Armour
 + Level 1.2 Dodging
 + Level 2.2 Invocations


You had 2 spell levels left.
You didn't know any spells.
Your spell library was empty.

Dungeon Overview and Level Annotations

Branches:
Dungeon (2/15)

Altars:


Innate Abilities, Weirdness & Mutations

You cannot be hasted, slowed, berserked, paralysed or teleported.
You can dig through walls and to a lower floor.
Your four strong arms can wield two-handed weapons with a shield.
You have a pair of large antennae on your head. (SInv)


Message History

It was a potion of invisibility.
You fade into invisibility!
* * * LOW HITPOINT WARNING * * *
You feel sick. The adder barely misses you.
You riposte.
You miss the adder.
The adder is severely wounded.
You are very lightly contaminated with residual magic.
It was a potion of haste.
Your stasis prevents you from being hasted.
* * * LOW HITPOINT WARNING * * *
You feel sick. The adder bites you.
* * * LOW HITPOINT WARNING * * *
Unknown command.
You slash the adder!
You kill the adder!
Lugonu accepts your kill.
Unknown command.
Okay, then.
* * * LOW HITPOINT WARNING * * *
You feel sick.
You die...

#........#####.#.....
#.........####.......
#....................
#........####........
#.###########........
#. ##...###.... #
#...## ...
#.######.#.### ..
#.......@....# {
###..........#
.............#
.##..........#
#.............
#.............
#.............
............#..
##..........#.#


There were no monsters in sight!

Vanquished Creatures
  An adder (D:2)
  An ooze (D:1)
  2 bats (D:1)
  A goblin (D:1)
  4 hobgoblins (D:1)
  4 jackals (D:1)
  3 kobolds (D:1)
  A frilled lizard (D:1)
  3 rats
20 creatures vanquished.

Notes
Turn   | Place    | Note
-------+----------+-------------------------------------------
     0 | Abyss:1  | marklar909 the Formicid Abyssal Knight began the quest for
                  | the Orb.
     0 | Abyss:1  | Reached XP level 1. HP: 18/18 MP: 2/2
    46 | Abyss:2  | Noticed a green very ugly thing
    46 | Abyss:2  | Noticed a green very ugly thing
    46 | Abyss:2  | Noticed a green very ugly thing
    46 | Abyss:2  | Noticed a green ugly thing
    46 | Abyss:2  | Noticed a green ugly thing
    46 | Abyss:2  | Noticed a green ugly thing
    46 | D:1      | Escaped the Abyss
   387 | D:1      | Reached XP level 2. HP: 24/24 MP: 3/3
   419 | D:1      | Reached * piety under Lugonu
   772 | D:1      | Reached skill level 1 in Dodging
   894 | D:1      | Reached XP level 3. HP: 26/30 MP: 4/4
  1228 | D:2      | HP: 1/30 [poisoned by an adder]
  1229 | D:2      | Succumbed to an adder's poison

Illustrated notes

Levels and vault maps discovered:
D:1:      psy_arrival_fountain, layout_basic
D:2:      layout_rooms, chequers_ecumenical_altar_simple_redux

Skill      XL: |  1  2 |
---------------+-------+-----
Dodging        | 1 |  1.2
Fighting       | |  3.9
Long Blades    | |  2.6
Armour         | |  2.5
Invocations    | |  2.2

Action                   || total
-------------------------++-------
Melee: Falchion          ||    72
Invok: Depart the Abyss  ||     1
 Abil: Dig               ||     1
  Use: Potion            ||     3
Armor: Leather armour    ||    16
Dodge: Dodged            ||    55
       Rpst.: Falchion   ||    15

Table legend: (Time is in decaauts)
 A = Elapsed time spent in this place.
 B = Non-inter-level travel time spent in this place.
 C = Inter-level travel time spent in this place.
 D = Time resting spent in this place.
 E = Time spent auto-exploring this place.
 F = Levels seen in this place.
 G = Mean time per level.
                   A        B        C        D        E       F      G
               +--------+--------+--------+--------+--------+-----+--------+
         Total |   1241 |   1226 |     15 |      0 |   1017 |   4 |  310.2 |
       Dungeon |   1195 |   1180 |     15 |      0 |   1016 |   2 |  597.5 |
         Abyss |     45 |     45 |      0 |      0 |      1 |   2 |   22.5 |
               +--------+--------+--------+--------+--------+-----+--------+

Top non-repeatable levels by time:
     D:1: 1152 daAuts
     D:2: 42 daAuts
 Abyss:2: 27 daAuts
 Abyss:1: 18 daAuts
